 Dungeon Sprint DCSS version 0.21.1-1-g345015f (webtiles) character file.

28266 Fang the Executioner (level 13, -5/137 HPs)
             Began as a Minotaur Berserker on June 14, 2018.
             Was the Champion of Trog.
             Slain by a green draconian
             ... wielding a +0 glaive
              (22 damage)
             ... in the Dungeon (Sprint V: "Ziggurat Sprint").
             The game lasted 00:06:38 (1662 turns).

Fang the Executioner (Minotaur Berserker)           Turns: 1662, Time: 00:06:38

Health: -5/137     AC: 13    Str: 36    XL:     13   Next: 8%
Magic:  12/12      EV: 13    Int:  4    God:    Trog [******]
Gold:   0          SH:  3    Dex:  7    Spells: 12/12 levels left

rFire    . . .     SeeInvis .   H - +7 war axe "Xoesu" {chop, *Corrode rElec Str+5 Dex-5}
rCold    + . .     Gourm    .   (no shield)
rNeg     . . .     Faith    .   A - +1 chain mail {rC+}
rPois    .         Spirit   .   (helmet restricted)
rElec    +         Reflect  +   (no cloak)
rCorr    .         Harm     .   E - +1 pair of gloves {archery}
MR       .....     NoTele   +   (no boots)
Stlth    ..........             a - amulet "Yzeighui" {Reflect +Inv SH+3}
HPRegen  0.32/turn              G - ring of flight
MPRegen  0.13/turn              F - +6 ring of strength

@: corroded, berserk cooldown, slowed, very slow
A: retaliatory headbutt, horns 2
a: Berserk, Trog's Hand, Brothers in Arms, Burn Spellbooks, Renounce Religion,
Evoke Invisibility, Evoke Flight


You were in the Dungeon.
You worshipped Trog.
Trog was exalted by your worship.
You were hungry.

You visited 1 branch

Inventory:

Hand Weapons
 j - a +4 battleaxe of electrocution
 k - a +5 executioner's axe of chopping
 l - a +1 battleaxe of venom
 H - the +7 war axe "Xoesu" (weapon) {chop, *Corrode rElec Str+5 Dex-5}
   (Trog gifted it to you in the Dungeon)

   It inflicts extra damage upon your enemies.
   It affects your strength (+5).
   It affects your dexterity (-5).
   It insulates you from electricity.
   It may corrode you when you take damage.
 I - a +1 war axe of freezing
 K - a +5 war axe of flaming
 L - a +3 antimagic battleaxe
Armour
 A - a +1 chain mail of cold resistance (worn)
 E - a +1 pair of gloves of archery (worn)
Jewellery
 a - the amulet "Yzeighui" (around neck) {Reflect +Inv SH+3}
   (You found it in the Dungeon)

   [amulet of reflection]

   It shields you and reflects attacks.
   It lets you turn invisible.
   It affects your SH (+3).
 F - a +6 ring of strength (right hand)
 G - a ring of flight (left hand)
Wands
 x - a wand of disintegration (7)
 y - a wand of iceblast (7)
 z - a wand of acid (7)
Scrolls
 i - 4 scrolls of blinking
 m - 7 scrolls of fog
 n - a scroll of holy word
 o - 5 scrolls of identify
 p - 5 scrolls of remove curse
 q - 2 scrolls of fear
Potions
 d - 9 potions of curing
 e - 9 potions of heal wounds
 f - 10 potions of haste
 g - 7 potions of magic
 h - 3 potions of berserk rage
 r - 2 potions of brilliance
 s - 2 potions of invisibility
 t - 4 potions of resistance
 v - 5 potions of agility
 w - 5 potions of might
Miscellaneous
 b - a lamp of fire
 B - a lamp of fire
 C - a lamp of fire
 D - a lamp of fire
 M - a sack of spiders
Comestibles
 c - 6 rations
 J - 6 chunks of flesh


   Skills:
 + Level 19.2 Fighting
 + Level 21.1(22.0) Axes
   Level 11.7(17.7) Polearms
 + Level 16.2 Armour
 + Level 9.5 Dodging
 + Level 3.7 Stealth


You had 12 spell levels left.
You didn't know any spells.

Dungeon Overview and Level Annotations

Branches:
Dungeon (1/1)

Altars:
Ashenzari
Cheibriados
Dithmenos
Elyvilon
Fedhas
Gozag
Hepliaklqana
Kikubaaqudgha
Makhleb
Nemelex Xobeh
Okawaru
Qazlal
Ru
Sif Muna
Trog
Uskayaw
Vehumet
Wu Jian
Xom
Yredelemnul
Zin
The Shining One
Beogh
Jiyva
Lugonu

Annotations:
D 1 transporter


Innate Abilities, Weirdness & Mutations

You reflexively headbutt those who attack you in melee.
You have a pair of horns on your head.


Message History

* * * LOW HITPOINT WARNING * * *
The green draconian tail-slaps you but does no damage.
The white draconian hits you with a glaive!
* * * LOW HITPOINT WARNING * * *
You hit the white draconian but do no damage.
The white draconian is heavily wounded.
You slice the white draconian!! You slash the green draconian!
The white draconian hits you but does no damage.
The green draconian hits you but does no damage.
The green draconian tail-slaps you but does no damage.
Unknown command.
You hit the white draconian.
Your headbutt misses the white draconian.
The white draconian is heavily wounded.
You barely miss the white draconian. You slash the green draconian!
The white draconian hits you with a glaive!
* * * LOW HITPOINT WARNING * * *
Your corrosive artefact corrodes you!
The white draconian closely misses you.
The green draconian hits you with a glaive!!
You die...

▓.▓.†)..▓.▓.▓...▓.▓
▓....©....▓...©...▓
▓▓▓▓▓▓▓▓▓▓▓▓▓▓▓▓▓▓▓▓▓
▓...8©8...▓...8©8...▓
▓..:).):..▓....))...▓
▓.."}=}|..▓...}[)[..▓
▓.........▓.........▓
▓.........▓..)......▓
▓....d@d..▓...)))...▓
▓....d))..▓...))....▓
▓....)))..▓.▓.....▓.▓
▓.▓.....▓.▓....©....▓
▓....©....▓▓▓▓▓▓▓▓▓▓▓
▓▓▓▓▓▓▓▓▓▓▓


You could see a green draconian and 2 draconians.

Vanquished Creatures
  3 black draconians (D)
  A white draconian (D)
  2 purple draconians (D)
  2 red draconians (D)
  Erolcha (D)
  Erica (D)
  2 dancing weapons (D)
  A deep elf knight (D)
  An unseen horror (shapeshifter) (D)
  2 deep elf magi (D)
  10 draconians (D)
  A naga mage (D)
  3 black mambas (D)
  A raiju (D)
  A tarantella (shapeshifter) (D)
  Sigmund (D)
  A large abomination (D)
  A small abomination (D)
  Edmund (D)
  Duvessa (D)
  4 water moccasins (D)
  3 eyes of draining (D)
  2 necrophages (D)
  Blork the orc (D)
  Dowan (D)
  A wight (D)
  A crimson imp (D)
  A quasit (D)
  Crazy Yiuf (D)
  Jessica (D)
  A white imp (D)
  An ufetubus (D)
  3 oozes (D)
  2 bat skeletons (D)
  A quokka zombie (D)
61 creatures vanquished.

Vanquished Creatures (others)
  A spatial maelstrom (D)
1 creature vanquished.

Grand Total: 62 creatures vanquished

Notes
Turn   | Place    | Note
-------+----------+-------------------------------------------
     0 | D        | Found the +6 Majin-Bo {vamp, Archmagi MP+6 Int+6}
     0 | D        | Found the +7 great mace "Firestarter" {inner flame, rF++}
     0 | D        | Fang the Minotaur Berserker began the quest for the Orb.
     0 | D        | Reached XP level 1. HP: 19/19 MP: 0/0
     2 | D        | Banished a spatial maelstrom
     3 | D        | Found a blossoming altar of Fedhas.
     4 | D        | Found a viscous altar of Jiyva.
     4 | D        | Found a hazy altar of Hepliaklqana.
     4 | D        | Found a transporter.
     4 | D        | Found an opulent altar of Gozag.
     4 | D        | Found an ancient bone altar of Kikubaaqudgha.
     4 | D        | Found a corrupted altar of Lugonu.
    10 | D        | Found a burning altar of Makhleb.
    11 | D        | Found a stormy altar of Qazlal.
    11 | D        | Found a sacrificial altar of Ru.
    11 | D        | Found an iron altar of Okawaru.
    11 | D        | Found a deep blue altar of Sif Muna.
    11 | D        | Found a sparkling altar of Nemelex Xobeh.
    11 | D        | Found a bloodstained altar of Trog.
    73 | D        | Entered arena 2.
    73 | D        | Noticed an eye of draining
    73 | D        | Noticed an eye of draining
    73 | D        | Found a transporter.
    77 | D        | Killed an eye of draining
    77 | D        | Reached skill level 7 in Axes
    77 | D        | Reached XP level 2. HP: 34/34 MP: 1/1
    77 | D        | Reached XP level 3. HP: 39/39 MP: 2/2
    77 | D        | Reached XP level 4. HP: 47/47 MP: 3/3
    78 | D        | Killed an eye of draining
    78 | D        | Reached skill level 8 in Axes
    78 | D        | Reached XP level 5. HP: 56/56 MP: 4/4
   125 | D        | Reached ** piety under Trog
   130 | D        | Entered arena 3.
   130 | D        | Noticed a large abomination
   130 | D        | Found a transporter.
   134 | D        | Reached skill level 9 in Axes
   134 | D        | Reached skill level 1 in Polearms
   134 | D        | Reached skill level 5 in Armour
   136 | D        | Killed a large abomination
   136 | D        | Reached *** piety under Trog
   136 | D        | Reached skill level 10 in Fighting
   136 | D        | Reached skill level 10 in Axes
   136 | D        | Reached skill level 5 in Dodging
   136 | D        | Reached XP level 6. HP: 55/67 MP: 5/5
   280 | D        | Entered arena 4.
   280 | D        | Found a transporter.
   287 | D        | Reached skill level 11 in Axes
   288 | D        | Reached **** piety under Trog
   340 | D        | Entered arena 5.
   340 | D        | Noticed a raiju
   340 | D        | Noticed a small abomination
   340 | D        | Found a transporter.
   346 | D        | Killed a raiju
   346 | D        | Received a gift from Trog
   346 | D        | Reached XP level 7. HP: 70/77 MP: 6/6
   355 | D        | Reached skill level 5 in Polearms
   523 | D        | Entered arena 6.
   523 | D        | Noticed a draconian
   523 | D        | Noticed a draconian
   523 | D        | Noticed a draconian
   523 | D        | Noticed a draconian
   523 | D        | Noticed a draconian
   523 | D        | Found a transporter.
   528 | D        | Killed a draconian
   528 | D        | Reached ***** piety under Trog
   528 | D        | Reached skill level 12 in Axes
   528 | D        | Reached XP level 8. HP: 86/86 MP: 7/7
   531 | D        | Killed a draconian
   532 | D        | Killed a draconian
   532 | D        | Received a gift from Trog
   532 | D        | Reached skill level 13 in Axes
   534 | D        | Killed a draconian
   534 | D        | Reached skill level 10 in Polearms
   534 | D        | Reached skill level 10 in Armour
   534 | D        | Reached XP level 9. HP: 95/95 MP: 8/8
   540 | D        | Killed a draconian
   540 | D        | Reached skill level 14 in Axes
   704 | D        | Entered arena 7.
   705 | D        | Found a transporter.
   710 | D        | Received a gift from Trog
   714 | D        | Got a faintly glowing war axe {god gift}
   718 | D        | Identified the +7 war axe "Xoesu" {chop, *Corrode rElec Str+5 Dex-5} (Trog gifted it to you in the Dungeon)
   736 | D        | Entered arena 8.
   736 | D        | Noticed a draconian
   736 | D        | Noticed a draconian
   736 | D        | Noticed a draconian
   736 | D        | Noticed a draconian
   736 | D        | Noticed a black draconian
   736 | D        | Noticed a draconian
   738 | D        | Found a transporter.
   747 | D        | Killed a draconian
   747 | D        | Reached ****** piety under Trog
   748 | D        | Killed a black draconian
   748 | D        | Reached skill level 15 in Fighting
   748 | D        | Reached skill level 15 in Axes
   748 | D        | Reached skill level 1 in Stealth
   748 | D        | Reached XP level 10. HP: 79/105 MP: 9/9
   749 | D        | Killed a draconian
   757 | D        | Killed a draconian
   757 | D        | Reached skill level 16 in Axes
   760 | D        | Killed a draconian
   762 | D        | Killed a draconian
  1065 | D        | Received a gift from Trog
  1199 | D        | Entered arena 9.
  1199 | D        | Noticed a deep elf knight
  1199 | D        | Noticed a war axe of flaming
  1199 | D        | Noticed an elephant
  1199 | D        | Noticed a hand axe of chopping
  1199 | D        | Noticed a deep elf mage
  1199 | D        | Noticed a deep elf mage
  1201 | D        | Found a transporter.
  1201 | D        | an elephant changed into a tarantella
  1207 | D        | Reached skill level 17 in Axes
  1208 | D        | Killed a war axe of flaming
  1208 | D        | Killed a hand axe of chopping
  1210 | D        | Killed a deep elf mage
  1210 | D        | Received a gift from Trog
  1210 | D        | Reached skill level 18 in Axes
  1210 | D        | Killed an unseen horror
  1210 | D        | Reached XP level 11. HP: 109/115 MP: 10/10
  1217 | D        | Killed a deep elf knight
  1222 | D        | Killed a deep elf mage
  1251 | D        | Got the amulet "Yzeighui" {Reflect +Inv SH+3}
  1253 | D        | Received a gift from Trog
  1503 | D        | Entered arena 10.
  1504 | D        | Found a transporter.
  1511 | D        | Reached skill level 19 in Axes
  1512 | D        | Received a gift from Trog
  1564 | D        | Entered arena 11.
  1564 | D        | Noticed Sigmund
  1564 | D        | Noticed Jessica
  1564 | D        | Noticed Blork the orc
  1564 | D        | Noticed Crazy Yiuf
  1564 | D        | Noticed Dowan
  1564 | D        | Noticed Duvessa
  1564 | D        | Noticed Edmund
  1564 | D        | Noticed Erica
  1564 | D        | Noticed Erolcha
  1566 | D        | Found a transporter.
  1568 | D        | Killed Erolcha
  1569 | D        | Killed Edmund
  1569 | D        | Received a gift from Trog
  1569 | D        | Killed Jessica
  1571 | D        | Killed Erica
  1572 | D        | Killed Duvessa
  1574 | D        | Killed Crazy Yiuf
  1574 | D        | Killed Blork the orc
  1574 | D        | Received a gift from Trog
  1575 | D        | Killed Dowan
  1577 | D        | Killed Sigmund
  1604 | D        | Received a gift from Trog
  1620 | D        | Reached XP level 12. HP: 127/127 MP: 11/11
  1632 | D        | Entered arena 12.
  1632 | D        | Noticed a green draconian
  1632 | D        | Noticed a red draconian
  1632 | D        | Noticed a purple draconian
  1632 | D        | Noticed a red draconian
  1632 | D        | Noticed a white draconian
  1633 | D        | Noticed a black draconian
  1633 | D        | Noticed a purple draconian
  1633 | D        | Noticed a black draconian
  1633 | D        | Noticed a white draconian
  1635 | D        | Found a transporter.
  1635 | D        | Noticed a white draconian
  1640 | D        | Killed a red draconian
  1640 | D        | Reached skill level 20 in Axes
  1641 | D        | Killed a purple draconian
  1641 | D        | Reached skill level 15 in Armour
  1642 | D        | Killed a white draconian
  1644 | D        | Killed a black draconian
  1647 | D        | Killed a red draconian
  1647 | D        | Received a gift from Trog
  1647 | D        | Killed a purple draconian
  1647 | D        | Reached skill level 21 in Axes
  1647 | D        | Reached XP level 13. HP: 92/137 MP: 12/12
  1649 | D        | Killed a black draconian
  1662 | D        | Slain by a green draconian

Skill      XL: |  1  2  3  4  5  6  7  8  9 10 11 12 13 |
---------------+----------------------------------------+-----
Fighting       | 7 8 10 12 13 14 15 16 17 19 | 19.2
Axes           | 7 8 10 11 12 13 15 18 19 21 | 21.1
Armour         | 4 6 7 8 10 11 12 14 15 16 | 16.2
Dodging        | 3 4 5 6 7 8 9 |  9.5
Polearms       | 2 4 7 10 11 | 11.7
Stealth        | 1 2 3 |  3.7

Action                   |  1- 3 |  4- 6 |  7- 9 | 10-12 | 13-15 || total
-------------------------+-------+-------+-------+-------+-------++-------
Melee: Demon trident     |     3 |    19 |    12 |       |       ||    34
       Headbutt          |       |     3 |     8 |    17 |       ||    28
       Executioner's axe |       |       |    20 |       |       ||    20
       War axe           |       |       |     8 |    65 |     9 ||    82
Invok: Berserk           |     1 |     2 |     2 |     3 |       ||     8
       Burn Spellbooks   |       |     1 |     1 |     4 |       ||     6
  Use: Scroll            |       |       |     1 |       |       ||     1
       Potion            |       |       |       |     1 |     2 ||     3
  Eat: Chunk             |       |       |     3 |     2 |       ||     5
       Ration            |       |       |       |     1 |       ||     1
Armor: Shadow dragon sca |       |     3 |       |       |       ||     3
       Chain mail        |       |     1 |    28 |    32 |     8 ||    69
Dodge: Dodged            |       |     7 |    32 |    33 |    16 ||    88
Block: Other             |       |       |       |     5 |     5 ||    10
